 Dungeon Crawl Stone Soup version 0.28-a0-1506-g3893175d92 (webtiles) character file.

Game seed: 14875213240242525436

133 lunkers the Covert (level 4, -4/34 HPs)
             Began as a Vampire Delver on Jan 13, 2022.
             Engulfed by a steam dragon's steam (7 damage)
             ... on level 4 of the Dungeon.
             The game lasted 00:02:39 (582 turns).

lunkers the Covert (Vampire Delver)                  Turns: 582, Time: 00:02:40

Health: -4/34      AC:  3    Str: 11    XL:     4   Next: 94%
Magic:  0/4        EV: 12    Int: 14    God:
Gold:   108        SH:  0    Dex: 15    Spells: 3/3 levels left

rFire   . . .      SeeInvis +   a - +1 short sword
rCold   . . .      Faith    .   (no shield)
rNeg    . . .      Spirit   +   b - +0 leather armour
rPois   .          Reflect  .   (no helmet)
rElec   .          Harm     .   (no cloak)
rCorr   .          Rampage  .   (no gloves)
Will    .....                   (no boots)
Stlth   ++++......              j - amulet of guardian spirit
HPRegen 0.31/turn               (no ring)
MPRegen 0.09/turn               (no ring)

@: healing quickly
A: alive, fangs 3, see invisible, vampiric 2
a: Exsanguinate


You were on level 4 of the Dungeon.
You visited 1 branch of the dungeon, and saw 2 of its levels.

You collected 108 gold pieces.

Inventory:

Hand Weapons
 a - a +1 short sword (weapon)
Armour
 b - a +0 leather armour (worn)
Jewellery
 j - an amulet of guardian spirit (around neck)
Wands
 g - a wand of digging (3)
Scrolls
 c - a scroll of fog
 d - 2 scrolls of magic mapping
 h - 2 scrolls of identify {unknown}
Potions
 f - a potion of haste
 i - a potion of flight {unknown}


   Skills:
 - Level 2.6 Fighting
 + Level 4.3 Short Blades
 - Level 2.1 Dodging
 + Level 9.0 Stealth


You had 3 spell levels left.
You didn't know any spells.
Your spell library contained the following spells:

 Spells                   Type           Power      Damage    Failure   Level
 Conjure Ball Lightning   Conj/Air       0%         3x3d6     100%        6
 Discord                  Hex            0%         N/A       100%        8
 Disjunction              Tloc           0%         N/A       100%        8


Dungeon Overview and Level Annotations

Branches:
Dungeon (5/15)
 Temple: D:4-7

Altars:

Shops:
D:4 ?


Innate Abilities, Weirdness & Mutations

Your natural rate of healing is accelerated.
You have razor-sharp teeth.
You have supernaturally acute eyesight. (SInv)
You are afflicted with vampirism and can become a bat while bloodless.


Message History

You see here 11 bolts.
d - 2 scrolls of magic mapping (gained 1)
An endoplasm comes into view.
A steam dragon comes into view.
Found a stone staircase leading up.
Found a smoky red potion.
The helpless endoplasm fails to defend itself.
You impale the endoplasm!!
You kill the endoplasm!
The steam dragon hisses angrily.
The steam dragon breathes steam at you. The ball of steam hits you!
No reachable target in view!
No reachable target in view!
No reachable target in view!
No reachable target in view!
There are no items here.
There are no items here.
You hit the steam dragon but do no damage.
The steam dragon bites you but does no damage.
The steam dragon claws you but does no damage.
You closely miss the steam dragon. The steam dragon closely misses you.
The steam dragon claws you.
You hit the steam dragon.
The steam dragon is lightly wounded.
The steam dragon bites you but does no damage.
The steam dragon claws you.
You hit the steam dragon but do no damage.
Your punch misses the steam dragon.
The steam dragon is lightly wounded.
The steam dragon breathes steam at you. The ball of steam hits you!!
* * * LOW MAGIC WARNING * * *
Ouch! That really hurt!
* * * LOW HITPOINT WARNING * * *
Okay, then.
As you read the scroll of fear, it crumbles to dust.
You assume a fearsome visage.
The steam dragon looks frightened!
You are engulfed in a cloud of scalding steam.
You die...

....[.................###
........§.............# #
...........§........... #
..............##......
...........#..# ##...#
#!#............# ####
#...#.....###...# #..
##..........# #.
#D@#......##
#.....§§##.##.##
###.##.## ## # # #.# ###


You could see a steam dragon (fleeing).

Vanquished Creatures
  A necrophage (D:4)
  A hound (D:4)
  An adder (D:4)
  3 orcs (D:4)
  An endoplasm (D:4)
  A goblin (D:4)
  2 kobolds (D:4)
10 creatures vanquished.

Notes
Turn   | Place    | Note
-------+----------+-------------------------------------------
     0 | D:5      | lunkers the Vampire Delver began the quest for the Orb.
     0 | D:5      | Reached XP level 1. HP: 17/17 MP: 1/1
    21 | D:5      | Noticed a sky beast
    55 | D:5      | Noticed a jelly
    72 | D:5      | Noticed a scorpion
    91 | D:5      | Noticed a scorpion
   129 | D:4      | Found Mivije's Magic Scroll Shoppe.
   131 | D:4      | Noticed a hound
   142 | D:4      | Killed a hound
   143 | D:4      | Reached skill level 8 in Stealth
   143 | D:4      | Reached XP level 2. HP: 6/23 MP: 2/2
   143 | D:4      | Gained mutation: You are afflicted with vampirism and can
                  | become a bat while bloodless. [Vampire growth]
   143 | D:4      | Reached XP level 3. HP: 7/28 MP: 3/3
   310 | D:4      | Noticed a necrophage
   366 | D:4      | Killed a necrophage
   367 | D:4      | Reached skill level 9 in Stealth
   367 | D:4      | Reached XP level 4. HP: 9/34 MP: 2/4
   570 | D:4      | Noticed a steam dragon
   582 | D:4      | Engulfed by a steam dragon's steam

Illustrated notes

Levels and vault maps discovered:
D:4:      layout_cave_pools, minmay_temple_entry_butterflies, serial_glass,
          glass_columns_b, glass_columns_a, serial_shops, shop,
          minmay_misc_feat_square
D:5:      layout_cave_pools

Skill      XL: |  1  2  3 |
---------------+----------+-----
Short Blades   | 3 4 |  4.3
Stealth        | 8 9 |  9.0
Fighting       | |  2.6
Dodging        | |  2.1

Action                   |  1- 3 |  4- 6 || total
-------------------------+-------+-------++-------
Melee: Short sword       |    39 |     7 ||    46
       Bite              |     1 |       ||     1
  Use: Scroll            |     1 |     1 ||     2
 Stab: Sleeping          |       |     2 ||     2
       Distracted        |       |     1 ||     1
Armor: Leather armour    |     9 |     3 ||    12
Dodge: Dodged            |    26 |     1 ||    27

Table legend: (Time is in decaauts)
 A = Elapsed time spent in this place.
 B = Non-inter-level travel time spent in this place.
 C = Inter-level travel time spent in this place.
 D = Time resting spent in this place.
 E = Time spent auto-exploring this place.
 F = Levels seen in this place.
 G = Mean time per level.
                   A        B        C        D        E       F      G
               +--------+--------+--------+--------+--------+-----+--------+
         Total |    579 |    579 |      0 |      0 |    305 |   2 |  289.5 |
       Dungeon |    579 |    579 |      0 |      0 |    305 |   2 |  289.5 |
               +--------+--------+--------+--------+--------+-----+--------+

Top non-repeatable levels by time:
     D:4: 450 daAuts
     D:5: 129 daAuts
